 Dungeon Crawl Stone Soup version 0.30.0-18-gc0e69614cb (webtiles) character file.

Game seed: 9720756901807419753

90 KittyFluff the Cudgeller (level 4, 0/43 HPs)
             Began as a Gargoyle Berserker on May 24, 2023.
             Was a Believer of Trog.
             Slain by a gnoll
             ... wielding a +0 halberd
              (3 damage)
             ... on level 3 of the Dungeon.
             The game lasted 00:08:58 (1845 turns).

KittyFluff the Cudgeller (Gargoyle Berserker)       Turns: 1845, Time: 00:09:01

Health: 0/43       AC:  5    Str: 21    XL:     4   Next: 56%
Magic:  4/4        EV: 12    Int:  7    God:    Trog [**....]
Gold:   154        SH:  0    Dex: 11    Spells: 3/3 levels left

rFire   + . .        a - +0 mace (spect)
rCold   . . .        (no shield)
rNeg    + + .        b - +0 animal skin
rPois   ∞            (no helmet)
rElec   +            j - scarf {+Inv}
rCorr   .            (no gloves)
SInv    .            (no boots)
Will    .....        (no amulet) Stlth
                     c - ring of positive energy
HPRegen 0.27/turn    o - ring of protection from fire
MPRegen 0.09/turn

%: no passive effects
@: berserking, very quick
A: sickness immunity, AC +3, negative energy resistance 1, electricity
resistance, torment resistance 1, petrification resistance
a: Renounce Religion, Evoke Invisibility, Berserk, Trog's Hand


You were on level 3 of the Dungeon.
You worshipped Trog.
Trog was pleased with you.
You visited 1 branch of the dungeon, and saw 3 of its levels.

You collected 154 gold pieces.

Inventory:

Hand Weapons
 a - a +0 spectral mace (weapon)
 l - a +0 sling
Missiles
 d - 6 javelins (quivered)
 h - 13 stones
 p - 3 boomerangs
 s - 2 poisoned darts
Armour
 b - a +0 animal skin (worn)
 f - a +3 scale mail
 j - a scarf of invisibility (worn)
Jewellery
 c - a ring of positive energy (left hand)
 o - a ring of protection from fire (right hand)
Scrolls
 g - 2 scrolls of brand weapon
 i - a scroll of blinking
 k - a scroll of immolation {unknown}
 m - a scroll of torment {unknown}
 q - a scroll of identify {unknown}
 r - a scroll of enchant armour {unknown}
 t - a scroll of noise {unknown}
 u - a scroll of teleportation {unknown}
Potions
 e - 2 potions of brilliance {unknown}
 n - a potion of degeneration {unknown}
 v - a potion of lignification {unknown}


   Skills:
 + Level 3.8 Fighting
 + Level 4.0 Maces & Flails
 * Level 3.0 Armour
 + Level 2.0 Dodging
 + Level 0.8 Stealth


You had 3 spell levels left.
You didn't know any spells.
Your spell library was empty.

Dungeon Overview and Level Annotations

Branches:
Dungeon (3/15)

Altars:
Cheibriados


Innate Abilities, Weirdness & Mutations

You are immune to sickness and miasma.
Your stone body is resilient. (AC +3)
You are immune to poison.
You resist negative energy. (rN+)
You are resistant to electric shocks. (rElec)
You are resistant to unholy torment.
You are immune to petrification.


Message History

The adder misses you. The gnoll barely misses you. The adder bites you.
You closely miss the adder.
Your +0 spectral mace misses the adder.
The gnoll closely misses you. The adder barely misses you.
The gnoll hits you from afar with a +0 spear.
The gnoll hits you from afar with a +0 halberd!
* * * LOW HITPOINT WARNING * * *
A red film seems to cover your vision as you go berserk!
You feel yourself moving faster!
You feel mighty!
Your +0 spectral mace disappears.
The adder barely misses you. The adder misses you. The gnoll misses you.
The gnoll completely misses you.
You sock the adder!
The adder is almost dead.
Your +0 spectral mace hits the adder!
You kill the adder!
Trog accepts your kill.
Your Armour skill increases to level 3!
Your Dodging skill increases to level 2!
Your +0 spectral mace disappears.
The gnoll closely misses you. The gnoll hits you with a +0 spear.
* * * LOW HITPOINT WARNING * * *
You see here an adder corpse.
You barely miss the gnoll.
Your +0 spectral mace barely misses the gnoll.
The gnoll shouts!
The gnoll barely misses you. x2
You barely miss the gnoll.
Your +0 spectral mace hits the gnoll but does no damage.
The gnoll closely misses you. The gnoll hits you with a +0 halberd.
* * * LOW HITPOINT WARNING * * *
You sock the gnoll!
The gnoll is severely wounded.
Your +0 spectral mace hits the gnoll but does no damage.
You barely miss the gnoll.
The gnoll is severely wounded.
Your +0 spectral mace hits the gnoll!
You kill the gnoll!
Trog accepts your kill. The gnoll hits you with a +0 halberd.
You die...

##....##......#
######.#######g.
#.....##......##
#...........g.
#......†.......#
#.#####...g...
#.....###.....##
#.# #....K(.
###...####.....#
#.# #g####..
#.......######.#
#.# #.# .
#.##.##.# #.###
#.#####<#
#.##.##.#
#...###......<#
#)##...##
###@.####.#####
#.###### #(g.#
.# #.######
#.g.... #
#......#
#...###.#
######## #....
#.#### #.# ..#


You could see 2 gnolls and a friendly +0 spectral mace.

Vanquished Creatures
  A gnoll (D:3)
  3 adders
  A worm (D:3)
  A dart slug (D:2)
  An orc (D:3)
  3 bats
  4 endoplasms
  5 giant cockroaches
  8 goblins
  10 hobgoblins
  3 quokkas (D:1)
  3 ball pythons
  A frilled lizard (D:2)
  6 kobolds
  3 rats
53 creatures vanquished.

Notes
Turn   | Place    | Note
-------+----------+-------------------------------------------
     0 | D:1      | KittyFluff the Gargoyle Berserker began the quest for the
                  | Orb.
     0 | D:1      | Reached XP level 1. HP: 14/14 MP: 1/1
   170 | D:1      | Reached XP level 2. HP: 19/19 MP: 2/2
   690 | D:2      | Reached XP level 3. HP: 24/24 MP: 3/3
   946 | D:2      | Found a faded altar of an unknown god.
  1164 | D:2      | Reached ** piety under Trog
  1165 | D:2      | Reached XP level 4. HP: 29/29 MP: 4/4
  1515 | D:3      | Found a snail-covered altar of Cheibriados.
  1784 | D:3      | Reached skill level 4 in Maces & Flails
  1845 | D:3      | Slain by a gnoll

Illustrated notes

Levels and vault maps discovered:
D:1:      ncdulo_halloftheorcs, layout_basic
D:2:      cheibrodos_greedy_goblins, layout_basic,
          hellmonk_ecumenical_altar_arch_garden, minivault_26
D:3:      layout_loops_cross, mainiacjoe_overflow_24_doors, slow_altar_1,
          ebering_ghost_rock_garden, minmay_misc_feat_tiny

Skill      XL: |  1  2  3  4 |
---------------+-------------+-----
Maces & Flails | 4 |  4.0
Armour         | 3 |  3.0
Dodging        | 2 |  2.0
Fighting       | |  3.8
Stealth        | |  0.8

Action                     |  1- 3 |  4- 6 || total
---------------------------+-------+-------++-------
  Melee: Mace              |    91 |    45 ||   136
         Punch             |     1 |       ||     1
 Invoke: Berserk           |     1 |     1 ||     2
    Use: Scroll            |     1 |     1 ||     2
   Stab: Sleeping          |     1 |       ||     1
 Armour: Animal skin       |    27 |    11 ||    38
  Dodge: Dodged            |    44 |    30 ||    74
